 Dungeon Crawl Stone Soup version 0.32-a0-825-g0e82a1035d (webtiles) character file.

Game seed: 17600633793630480266

742 flt the Sneak (level 8, -8/62 HPs)
             Began as a Formicid Delver on Mar 25, 2024.
             Was a Priest of Beogh.
             Succumbed to Rocco's poison
             ... on level 5 of the Dungeon.
             The game lasted 00:13:16 (3930 turns).

flt the Sneak (Formicid Delver)                     Turns: 3930, Time: 00:13:17

Health: -8/62      AC:  8    Str: 19    XL:     8   Next: 5%
Magic:  10/10      EV:  9    Int: 10    God:    Beogh [***...]
Gold:   348        SH:  0    Dex: 15    Spells: 7/7 levels left

rFire   . . .        n - +1 war axe (heavy)
rCold   + . .        (no shield)
rNeg    . . .        m - +0 scale mail
rPois   +            (helmet unavailable)
rElec   .            C - +1 cloak
rCorr   .            (no gloves)
SInv    +            (no boots)
Will    .....        i - amulet of regeneration
Stlth   ++           h - ring of protection from cold
HPRegen 1.10/turn    g - ring of poison resistance
MPRegen 0.12/turn

%: no passive effects
@: lethally poisoned (-8 -> -47)
A: permanent stasis, dig shafts and tunnels, antennae 3, four strong arms
a: Dig, Shaft Self, Renounce Religion, Smiting


You were on level 5 of the Dungeon.
You worshipped Beogh.
Beogh was most pleased with you.
You visited 1 branch of the dungeon, and saw 6 of its levels.

You collected 348 gold pieces.

Inventory:

Hand Weapons
 a - a +0 hand axe
 e - a +0 halberd
 l - a +0 sling
 n - a +1 heavy war axe (weapon)
 p - the +3 short sword of Yfuhutz Juax {antimagic, Str+3 SInv}
   (You found it on level 2 of the Dungeon)

   Str+3:     It affects your strength (+3).
   SInv:      It lets you see invisible.
 s - a +1 hand axe of holy wrath
 I - a +2 dagger of draining
Missiles
 t - 20 poisoned darts (quivered)
Armour
 b - a +0 leather armour
 m - a +0 scale mail (worn)
 C - a +1 cloak (worn)
Jewellery
 g - a ring of poison resistance (right hand)
 h - a ring of protection from cold (left hand)
 i - an amulet of regeneration (around neck)
 r - a ring of wizardry
 y - a +6 ring of strength
Talismans
 H - a blade talisman
Wands
 f - a wand of digging (3)
Scrolls
 c - 2 scrolls of fog
 d - a scroll of revelation
 j - a scroll of vulnerability
 v - a scroll of fear
Potions
 k - a potion of brilliance
 o - a potion of haste
 q - a potion of might
 u - a potion of degeneration {unknown}
 A - 2 potions of magic
 G - a potion of mutation


   Skills:
 + Level 5.1 Fighting
 * Level 4.9 Axes
 + Level 3.0 Armour
 - Level 2.5 Dodging
 + Level 7.6 Stealth
 + Level 3.2 Invocations


You had 7 spell levels left.
You didn't know any spells.
Your spell library was empty.

Dungeon Overview and Level Annotations

Branches:
Dungeon (6/15)
 Temple: D:4-7

Altars:
Wu Jian
Zin
The Shining One


Innate Abilities, Weirdness & Mutations

Your facial features look somewhat orcish.
You cannot be hasted, slowed, berserked, paralysed or teleported.
You can dig through walls and to a lower floor.
You have a pair of large antennae on your head. (SInv)
Your four strong arms can wield two-handed weapons with a shield.


Message History

You throw a poisoned dart. The poisoned dart hits Rocco.
Throw: 22 darts (poison)
Press: ? - help, Q - select action, (/) - cycle Shift-Dir - straight line, f/p - Rocco
Aim: Rocco the orc apostle, wielding a +3 battleaxe of venom and wearing a +3 plate armour (paralysed, very poisoned, empowered by the touch of Beogh, 98% to hit)
You throw a poisoned dart. The poisoned dart hits Rocco.
Rocco looks even sicker.
Throw: 21 darts (poison)
Press: ? - help, Q - select action, (/) - cycle Shift-Dir - straight line, f/p - Rocco
Aim: Rocco the orc apostle, wielding a +3 battleaxe of venom and wearing a +3 plate armour (lightly wounded, paralysed, very poisoned, empowered by the touch of Beogh, 98% to hit)
You throw a poisoned dart. The poisoned dart hits Rocco.
Rocco looks as sick as possible!
Rocco is lightly wounded.
Your +1 hand axe of holy wrath stops glowing.
n - a +1 heavy war axe (weapon)
Rocco is no longer paralysed.
Aiming: Paralyse
Press: ? - help, Shift-Dir - straight line, f/p - Rocco
Aim: Rocco the orc apostle, wielding a +3 battleaxe of venom and wearing a +3 plate armour (lightly wounded, very poisoned, empowered by the touch of Beogh, chance to affect: 29%) Rocco suddenly stops moving!
The now-empty wand crumbles to dust.
Rocco fails to defend himself.
You hit Rocco.
Rocco is lightly wounded.
Rocco fails to defend himself.
You slice Rocco!!
Rocco is heavily wounded.
Rocco fails to defend himself.
You slash Rocco!
Rocco is severely wounded.
Rocco fails to defend himself.
You slash Rocco!
Rocco is almost dead.
Rocco is no longer paralysed.
Rocco barely misses you.
Rocco hits you with a +3 battleaxe of venom!
You are poisoned.
You hit Rocco but do no damage.
Rocco is almost dead.
You feel extremely sick.
Rocco hits you with a +3 battleaxe of venom!
Rocco hits you with a +3 battleaxe of venom!!
* * * LOW HITPOINT WARNING * * *
You are lethally poisoned!
You hit Rocco.
Rocco is almost dead.
You die...

#....##......#
#.......#
.#............#
####.####
.#.############## #.#
##.#### ..# #.# #....#
# #.# #.#
####.###.#####.# #.#
#####........##.# #.#
.....####.##.##.#####.#
####.# #<(....o@.....#
####.# ###############
..##.# #.##.# ..##.#
.....# ######


You could see Rocco the orc apostle (poisoned, divinely empowered).

Vanquished Creatures
  Eustachio (D:5)
  A phantom (D:4)
  A kobold brigand (D:4)
  2 scorpions (D:5)
  A bombardier beetle (D:3)
  A hound (D:5)
  An orc wizard (D:4)
  4 gnolls (D:5)
  5 adders
  A shadow imp (D:5)
  2 ufetubi (D:5)
  2 dart slugs
  2 ribbon worms (D:2)
  9 orcs
  9 endoplasms
  5 giant cockroaches
  8 hobgoblins
  9 jackals
  26 kobolds
  3 quokkas
  8 ball pythons
  6 bats
  5 frilled lizards
  9 goblins
  5 rats
126 creatures vanquished.

Vanquished Creatures (others)
  An endoplasm (D:4)
1 creature vanquished.

Grand Total: 127 creatures vanquished

Notes
Turn   | Place    | Note
-------+----------+-------------------------------------------
     0 | D:5      | flt the Formicid Delver began the quest for the Orb.
     0 | D:5      | Reached XP level 1. HP: 18/18 MP: 1/1
    84 | D:5      | Reached XP level 2. HP: 12/24 MP: 2/2
   145 | D:5      | Noticed a scorpion
   179 | D:5      | HP: 1/24 [ufetubus (4)]
   208 | D:6      | Noticed an ice beast
   331 | D:5      | Noticed Eustachio
   346 | D:5      | Noticed a crimson imp
   351 | D:5      | Reached XP level 3. HP: 26/30 MP: 3/3
   362 | D:5      | Reached XP level 4. HP: 20/37 MP: 4/4
   459 | D:4      | Found a glowing silver altar of Zin.
   459 | D:4      | Noticed an angel
   632 | D:4      | Became a worshipper of Beogh the Shepherd
   691 | D:3      | Reached XP level 5. HP: 7/42 MP: 5/5
   862 | D:2      | Found a glowing golden altar of the Shining One.
   890 | D:2      | Identified the +3 short sword of Yfuhutz Juax {antimagic,
                  | Str+3 SInv}
   962 | D:2      | Reached skill level 1 in Invocations
  1047 | D:2      | Reached * piety under Beogh
  1048 | D:2      | Reached skill level 1 in Armour
  1679 | D:1      | Reached XP level 6. HP: 48/48 MP: 7/7
  1731 | D:1      | Found a faded altar of an unknown god.
  2511 | D:3      | Reached ** piety under Beogh
  2677 | D:3      | Reached skill level 7 in Stealth
  2794 | D:3      | Found an ornate altar of the Wu Jian Council.
  3285 | D:4      | Reached XP level 7. HP: 40/53 MP: 8/8
  3518 | D:5      | Killed Eustachio
  3711 | D:5      | Reached skill level 5 in Fighting
  3833 | D:5      | Reached XP level 8. HP: 62/62 MP: 10/10
  3888 | D:5      | Reached *** piety under Beogh
  3907 | D:5      | Noticed Rocco
  3930 | D:5      | Succumbed to Rocco's poison

Illustrated notes

Levels and vault maps discovered:
D:1:      dpeg_arrival_ternary, layout_loops_ring, basic_ecumenical_altar,
          skrybe_limestone_x
D:2:      layout_basic, basic_altar
D:3:      layout_loops_ring, mainiacjoe_overflow_surrounded_room,
          grunt_decor_junction, grunt_ministairs_15
D:4:      kennysheep_kobold_camp, layout_rooms, zin_angel,
          minmay_tree_intersection
D:5:      layout_loops_cross, grunt_decor_cap, uniq_eustachio
D:6:      layout_loops_ring, temple_fountains

Skill      XL: |  1  2  3  4  5  6  7  8 |
---------------+-------------------------+-----
Dodging        | 2 |  2.5
Fighting       | 4 5 |  5.1
Axes           | 3 4 |  4.9
Invocations    | 1 2 3 |  3.2
Armour         | 1 2 3 |  3.0
Stealth        | 7 |  7.6

Action                     |  1- 3 |  4- 6 |  7- 9 || total
---------------------------+-------+-------+-------++-------
  Melee: Hand axe          |    43 |    87 |    54 ||   184
         War axe           |       |   225 |     9 ||   234
  Throw: Dart              |       |       |     7 ||     7
 Invoke: Convert to Beogh  |       |     1 |       ||     1
Ability: Dig               |       |     1 |       ||     1
  Evoke: Wand              |       |       |     3 ||     3
    Use: Scroll            |     1 |     2 |    10 ||    13
         Potion            |       |     4 |     1 ||     5
   Stab: Sleeping          |       |    21 |     1 ||    22
         Invisible         |       |     1 |       ||     1
         Paralysed         |       |       |     4 ||     4
 Armour: Leather armour    |    57 |    55 |       ||   112
         Scale mail        |       |   251 |    43 ||   294
  Dodge: Dodged            |    65 |   205 |    27 ||   297

Table legend: (Time is in decaauts)
 A = Elapsed time spent in this place.
 B = Non-inter-level travel time spent in this place.
 C = Inter-level travel time spent in this place.
 D = Time resting spent in this place.
 E = Time spent auto-exploring this place.
 F = Levels seen in this place.
 G = Mean time per level.
                   A        B        C        D        E       F      G
               +--------+--------+--------+--------+--------+-----+--------+
         Total |   4061 |   3937 |    124 |    169 |   2275 |   6 |  676.8 |
       Dungeon |   4061 |   3937 |    124 |    169 |   2275 |   6 |  676.8 |
               +--------+--------+--------+--------+--------+-----+--------+

Top non-repeatable levels by time:
     D:2: 948 daAuts
     D:4: 880 daAuts
     D:5: 792 daAuts
     D:3: 776 daAuts
     D:1: 649 daAuts
     D:6: 15 daAuts
